TOP OF THE 1ST |
Columbia River Rats batting - Pitching for Idaho Falls Chukars : RHP Nicolaas Eland
|
Pitching: RHP Nicolaas Eland
|
|
Batting: LHB Ji-e Loh
|
0-0: Ball 1-0: DOUBLE (Line Drive, 7LM, EV 111.2 MPH)
|
Batting: RHB Tony Castellanos
|
0-0: Ball 1-0: Fly out, F9 (Flyball, 89D, EV 100.6 MPH) Runner from 2nd tags up, SAFE at 3rd, no throw by RF
|
Batting: RHB Cédric Causse
|
0-0: Called Strike 0-1: Ball 1-1: Ball 2-1: Swinging Strike 2-2: Ball 3-2: Strikes out swinging
|
Batting: RHB José García
|
0-0: Ball 1-0: Foul Ball, location: 2F 1-1: Ground out 5-3 (Groundball, 5, EV 80.6 MPH)
|
Top of the 1st over - 0 runs, 1 hit, 0 errors, 1 left on base; Columbia 0 - Idaho Falls 0 |
BOTTOM OF THE 1ST |
Idaho Falls Chukars batting - Pitching for Columbia River Rats : RHP Sammy Reed
|
Pitching: RHP Sammy Reed
|
|
Batting: LHB Huibrecht Bloemheuvel
|
0-0: Called Strike 0-1: Ball 1-1: Foul Ball, location: 2F 1-2: SINGLE (Line Drive, 6D, EV 95.6 MPH)
|
Batting: RHB César Vélez
|
0-0: Called Strike 0-1: Foul Ball, location: 2F 0-2: Foul Ball, location: 2F 0-2: Foul Ball, location: 2F 0-2: Ball 1-2: Ball 2-2: Fly out, F8 (Flyball, 78M, EV 82.5 MPH)
|
Batting: LHB Antoine Studdard
|
0-0: Ball 1-0: Ball 2-0: Called Strike 2-1: Ball 3-1: Base on Balls Huibrecht Bloemheuvel to second
|
Batting: SHB Koryusai Ohayashi
|
0-0: Called Strike Huibrecht Bloemheuvel steals 3rd, throwing error, E2 Huibrecht Bloemheuvel scores Antoine Studdard to third 0-1: Ball 1-1: Ball 2-1: Ball 3-1: SINGLE (Groundball, 4MD, EV 100.6 MPH) Antoine Studdard scores
|
Batting: LHB Josh Wiggins
|
0-0: Called Strike 0-1: Ball 1-1: Ball Koryusai Ohayashi steals 2nd base (no throw) 2-1: SINGLE (Groundball, 3, EV 105.6 MPH) (infield hit) Koryusai Ohayashi to third
|
Batting: RHB Richard Forrest
|
0-0: Ball 1-0: Ball 2-0: Called Strike 2-1: Ball 3-1: Foul Ball, location: 2F 3-2: Fly out, F9 (Flyball, 9S, EV 86.2 MPH)
|
Batting: LHB Damon Cross
|
Pickoff Throw to First - Out! 1-3
|
Bottom of the 1st over - 2 runs, 3 hits, 1 error, 1 left on base; Columbia 0 - Idaho Falls 2 |
TOP OF THE 2ND |
Columbia River Rats batting - Pitching for Idaho Falls Chukars : RHP Nicolaas Eland
|
Batting: RHB Luis Romero
|
0-0: SINGLE (Groundball, 6MD, EV 95.0 MPH)
|
Batting: RHB Pu-feng Zhou
|
0-0: Ball 1-0: Fly out, F8 (Flyball, 78D, EV 90.6 MPH)
|
Batting: SHB Dean Barthorpe
|
0-0: Foul Ball, location: 2F 0-1: Ball 1-1: Ball 2-1: Grounds into double play, 6-4-3 (Groundball, 6, EV 83.1 MPH)
|
Top of the 2nd over - 0 runs, 1 hit, 0 errors, 0 left on base; Columbia 0 - Idaho Falls 2 |
BOTTOM OF THE 2ND |
Idaho Falls Chukars batting - Pitching for Columbia River Rats : RHP Sammy Reed
|
Batting: LHB Damon Cross
|
0-0: Ball 1-0: Fly out, F8 (Line Drive, 8RD, EV 98.1 MPH)
|
Batting: RHB Jon Walker
|
0-0: Ball 1-0: SINGLE (Groundball, 34D, EV 96.2 MPH)
|
Batting: SHB Jesús Sánchez
|
0-0: Ball 1-0: 2-RUN HOME RUN (Flyball, 9D, EV 98.8 MPH), Distance : 364 ft
|
Batting: LHB Huibrecht Bloemheuvel
|
0-0: Ball 1-0: Ball 2-0: Called Strike 2-1: Ground out U3 (Groundball, 3, EV 83.8 MPH)
|
Batting: RHB César Vélez
|
0-0: Ball 1-0: Ball 2-0: Foul Ball, location: 2F 2-1: Ball 3-1: Base on Balls
|
Batting: LHB Antoine Studdard
|
0-0: Swinging Strike 0-1: Called Strike 0-2: Ball 1-2: Fly out, F7 (Flyball, 7LMF, EV 85.6 MPH)
|
Bottom of the 2nd over - 2 runs, 2 hits, 0 errors, 1 left on base; Columbia 0 - Idaho Falls 4 |
TOP OF THE 3RD |
Columbia River Rats batting - Pitching for Idaho Falls Chukars : RHP Nicolaas Eland
|
Batting: RHB Cleveland Kraut
|
0-0: Ball 1-0: Fly out, F3 (Popup, 34S, EV 76.9 MPH)
|
Batting: RHB Francis Raffone
|
0-0: Ball 1-0: SOLO HOME RUN (Flyball, 7D, EV 111.9 MPH), Distance : 409 ft
|
Batting: LHB Ji-e Loh
|
0-0: Ball 1-0: Swinging Strike 1-1: Swinging Strike 1-2: Ball 2-2: Strikes out swinging
|
Batting: RHB Tony Castellanos
|
0-0: Swinging Strike 0-1: Swinging Strike 0-2: Ball 1-2: Ball 2-2: Fly out, F8 (Flyball, 8LM, EV 94.4 MPH)
|
Top of the 3rd over - 1 run, 1 hit, 0 errors, 0 left on base; Columbia 1 - Idaho Falls 4 |
BOTTOM OF THE 3RD |
Idaho Falls Chukars batting - Pitching for Columbia River Rats : RHP Sammy Reed
|
Batting: SHB Koryusai Ohayashi
|
0-0: Ball 1-0: Foul Ball, location: 2F 1-1: Foul Ball, location: 2F 1-2: Ball 2-2: SINGLE (Line Drive, 7LS, EV 111.9 MPH)
|
Batting: LHB Josh Wiggins
|
0-0: Fielders Choice at 2nd, 4-6 (Groundball, 4, EV 89.4 MPH)
|
Batting: RHB Richard Forrest
|
0-0: Called Strike 0-1: SINGLE (Groundball, 56S, EV 67.5 MPH) (infield hit) Josh Wiggins to second
|
Batting: LHB Damon Cross
|
0-0: Ball 1-0: Called Strike 1-1: Foul Ball, location: 2F 1-2: Ball 2-2: Foul Ball, location: 2F 2-2: Strikes out swinging
|
Batting: RHB Jon Walker
|
0-0: Ball 1-0: Ball 2-0: Fly out, F8 (Flyball, 8LD, EV 88.1 MPH)
|
Bottom of the 3rd over - 0 runs, 2 hits, 0 errors, 2 left on base; Columbia 1 - Idaho Falls 4 |
TOP OF THE 4TH |
Columbia River Rats batting - Pitching for Idaho Falls Chukars : RHP Nicolaas Eland
|
Batting: RHB Cédric Causse
|
0-0: Called Strike 0-1: SINGLE (Groundball, 56D, EV 99.4 MPH)
|
Batting: RHB José García
|
0-0: Foul Ball, location: 2F 0-1: Fly out, F9 (Line Drive, 9D, EV 96.9 MPH)
|
Batting: RHB Luis Romero
|
0-0: Ball 1-0: Ball 2-0: Called Strike 2-1: 2-RUN HOME RUN (Line Drive, 7D, EV 105.6 MPH), Distance : 418 ft
|
Batting: RHB Pu-feng Zhou
|
0-0: Swinging Strike 0-1: Ball 1-1: Swinging Strike 1-2: Foul Ball, location: 2F 1-2: Foul Ball, location: 2F 1-2: Strikes out swinging
|
Batting: SHB Dean Barthorpe
|
0-0: Ball 1-0: Called Strike 1-1: Ball 2-1: Ball 3-1: Base on Balls
|
Batting: RHB Cleveland Kraut
|
0-0: SINGLE (Groundball, 5L, EV 96.2 MPH) Dean Barthorpe to second
|
Batting: RHB Francis Raffone
|
0-0: Ground out 3-1 (Groundball, 34, EV 108.8 MPH)
|
Top of the 4th over - 2 runs, 3 hits, 0 errors, 2 left on base; Columbia 3 - Idaho Falls 4 |
BOTTOM OF THE 4TH |
Idaho Falls Chukars batting - Pitching for Columbia River Rats : RHP Sammy Reed
|
Batting: SHB Jesús Sánchez
|
0-0: Ball 1-0: Called Strike 1-1: Ball 2-1: Foul Ball, location: 2F 2-2: Foul Ball, location: 2F 2-2: Foul Ball, location: 2F 2-2: SOLO HOME RUN (Line Drive, 89XD, EV 102.5 MPH), Distance : 423 ft
|
Batting: LHB Huibrecht Bloemheuvel
|
0-0: Foul Ball, location: 2F 0-1: SINGLE (Line Drive, 8LS, EV 98.8 MPH)
|
Batting: RHB César Vélez
|
0-0: Ball 1-0: Swinging Strike 1-1: Called Strike 1-2: Foul Ball, location: 2F 1-2: DOUBLE (Line Drive, 7LM, EV 103.1 MPH) Huibrecht Bloemheuvel to third
|
Batting: LHB Antoine Studdard
|
0-0: Ball 1-0: Called Strike 1-1: Foul Ball, location: 2F 1-2: Ball 2-2: Ground out 4-3 (Groundball, 4, EV 86.9 MPH) Huibrecht Bloemheuvel scores César Vélez to third
|
Pitching: LHP Kevin MacIvor
|
|
Batting: SHB Koryusai Ohayashi
|
0-0: Called Strike 0-1: Ball 1-1: Ball 2-1: Swinging Strike 2-2: Foul Ball, location: 2F 2-2: Foul Ball, location: 2F 2-2: Strikes out swinging
|
Batting: LHB Josh Wiggins
|
0-0: Called Strike 0-1: Ball 1-1: Ball 2-1: Foul Ball, location: 2F 2-2: Ball 3-2: Strikes out swinging
|
Bottom of the 4th over - 2 runs, 3 hits, 0 errors, 1 left on base; Columbia 3 - Idaho Falls 6 |
TOP OF THE 5TH |
Columbia River Rats batting - Pitching for Idaho Falls Chukars : RHP Nicolaas Eland
|
Batting: LHB Ji-e Loh
|
0-0: Called Strike 0-1: Ball 1-1: Ball 2-1: Fly out, F6 (Line Drive, 6, EV 63.8 MPH)
|
Batting: RHB Tony Castellanos
|
0-0: Ball 1-0: Ball 2-0: SINGLE (Groundball, 34D, EV 101.9 MPH)
|
Batting: RHB Cédric Causse
|
0-0: Ball 1-0: Ball 2-0: Ball 3-0: Called Strike 3-1: Base on Balls Tony Castellanos to second
|
Batting: RHB José García
|
0-0: Called Strike 0-1: Fly out, F3 (Popup, 3SF, EV 76.2 MPH)
|
Batting: RHB Luis Romero
|
0-0: Ball 1-0: Ball 2-0: Fly out, F7 (Flyball, 7S, EV 95.0 MPH)
|
Top of the 5th over - 0 runs, 1 hit, 0 errors, 2 left on base; Columbia 3 - Idaho Falls 6 |
BOTTOM OF THE 5TH |
Idaho Falls Chukars batting - Pitching for Columbia River Rats : LHP Kevin MacIvor
|
Batting: RHB Richard Forrest
|
0-0: Fly out, F8 (Flyball, 78S, EV 93.1 MPH)
|
Batting: LHB Damon Cross
|
0-0: Ball 1-0: Called Strike 1-1: Called Strike 1-2: Ball 2-2: Ball 3-2: Fly out, F9 (Flyball, 9S, EV 94.4 MPH)
|
Batting: RHB Jon Walker
|
0-0: Foul Ball, location: 2F 0-1: Foul Ball, location: 2F 0-2: Ball 1-2: Strikes out swinging
|
Bottom of the 5th over - 0 runs, 0 hits, 0 errors, 0 left on base; Columbia 3 - Idaho Falls 6 |
TOP OF THE 6TH |
Columbia River Rats batting - Pitching for Idaho Falls Chukars : RHP Nicolaas Eland
|
Batting: RHB Pu-feng Zhou
|
0-0: Called Strike 0-1: Fly out, F8 (Line Drive, 8RM, EV 111.9 MPH)
|
Batting: SHB Dean Barthorpe
|
0-0: Ball 1-0: Called Strike 1-1: Ball 2-1: Fly out, F8 (Line Drive, 8LM, EV 93.8 MPH)
|
Batting: RHB Cleveland Kraut
|
0-0: Ball 1-0: SINGLE (Line Drive, 9S, EV 106.9 MPH)
|
Pitching: RHP Jing Hsi
|
|
Batting: RHB Francis Raffone
|
0-0: Called Strike 0-1: Ball 1-1: Ball 2-1: Called Strike 2-2: Ball 3-2: Base on Balls Cleveland Kraut to second
|
Batting: LHB Ji-e Loh
|
0-0: Called Strike 0-1: Called Strike 0-2: Ball 1-2: Strikes out swinging
|
Top of the 6th over - 0 runs, 1 hit, 0 errors, 2 left on base; Columbia 3 - Idaho Falls 6 |
BOTTOM OF THE 6TH |
Idaho Falls Chukars batting - Pitching for Columbia River Rats : LHP Kevin MacIvor
|
Batting: SHB Jesús Sánchez
|
0-0: Called Strike 0-1: Swinging Strike 0-2: Ball 1-2: Ball 2-2: Ball 3-2: Foul Ball, location: 2F 3-2: Foul Ball, location: 2F 3-2: Base on Balls
|
Pitching: LHP Felipe Medrano
|
|
Batting: LHB Huibrecht Bloemheuvel
|
0-0: Ball 1-0: Swinging Strike 1-1: Foul Ball, location: 2F 1-2: Strikes out swinging
|
Batting: RHB César Vélez
|
0-0: Ball 1-0: Swinging Strike 1-1: Called Strike 1-2: Fly out, F9 (Flyball, 9, EV 83.8 MPH)
|
Batting: LHB Antoine Studdard
|
0-0: Foul Ball, location: 2F 0-1: Ball 1-1: Ball 2-1: Swinging Strike 2-2: Foul Ball, location: 2F 2-2: Ground out 4-3 (Groundball, 4, EV 78.8 MPH)
|
Bottom of the 6th over - 0 runs, 0 hits, 0 errors, 1 left on base; Columbia 3 - Idaho Falls 6 |
TOP OF THE 7TH |
Columbia River Rats batting - Pitching for Idaho Falls Chukars : RHP Jing Hsi
|
Batting: RHB Tony Castellanos
|
0-0: Called Strike 0-1: Ball 1-1: Foul Ball, location: 2F 1-2: Strikes out swinging
|
Batting: RHB Cédric Causse
|
0-0: SINGLE (Line Drive, 7S, EV 106.2 MPH)
|
Batting: RHB José García
|
0-0: Called Strike 0-1: Swinging Strike 0-2: Ball 1-2: Strikes out looking
|
Batting: RHB Luis Romero
|
0-0: Called Strike 0-1: Ball 1-1: Foul Ball, location: 2F 1-2: Fly out, F8 (Flyball, 78D, EV 97.5 MPH)
|
Top of the 7th over - 0 runs, 1 hit, 0 errors, 1 left on base; Columbia 3 - Idaho Falls 6 |
BOTTOM OF THE 7TH |
Idaho Falls Chukars batting - Pitching for Columbia River Rats : LHP Felipe Medrano
|
Batting: SHB Koryusai Ohayashi
|
0-0: Called Strike 0-1: Swinging Strike 0-2: Ball 1-2: DOUBLE (Line Drive, 89D, EV 106.2 MPH)
|
Batting: LHB Josh Wiggins
|
0-0: Ball 1-0: Ball 2-0: 2-RUN HOME RUN (Line Drive, 9LD, EV 103.1 MPH), Distance : 350 ft
|
Batting: RHB Richard Forrest
|
0-0: Foul Ball, location: 2F 0-1: Ball 1-1: Ground out 5-3 (Groundball, 5S, EV 76.2 MPH)
|
Batting: LHB Damon Cross
|
0-0: Ball 1-0: Foul Ball, location: 2F 1-1: Ball 2-1: Foul Ball, location: 2F 2-2: Ball 3-2: Foul Ball, location: 2F 3-2: Foul Ball, location: 2F 3-2: Foul Ball, location: 2F 3-2: DOUBLE (Line Drive, 7LD, EV 111.9 MPH)
|
Pitching: RHP Hyosuke Matsui
|
|
Batting: RHB Jon Walker
|
0-0: Called Strike 0-1: Swinging Strike 0-2: Foul Ball, location: 2F 0-2: Ball 1-2: Strikes out swinging
|
Batting: SHB Jesús Sánchez
|
0-0: Called Strike 0-1: Foul Ball, location: 2F 0-2: Ball 1-2: Ball 2-2: Foul Ball, location: 2F 2-2: Foul Ball, location: 2F 2-2: Foul Ball, location: 2F 2-2: Strikes out swinging
|
Bottom of the 7th over - 2 runs, 3 hits, 0 errors, 1 left on base; Columbia 3 - Idaho Falls 8 |
TOP OF THE 8TH |
Columbia River Rats batting - Pitching for Idaho Falls Chukars : RHP Jing Hsi
|
Batting: RHB Pu-feng Zhou
|
0-0: Called Strike 0-1: Ball 1-1: Ball 2-1: Called Strike 2-2: Ground out 1-3 (Groundball, 34S, EV 77.5 MPH)
|
Batting: SHB Dean Barthorpe
|
0-0: Ball 1-0: Called Strike 1-1: Swinging Strike 1-2: Foul Ball, location: 2F 1-2: Strikes out looking
|
Batting: RHB Cleveland Kraut
|
0-0: Called Strike 0-1: Ball 1-1: Called Strike 1-2: Strikes out swinging
|
Top of the 8th over - 0 runs, 0 hits, 0 errors, 0 left on base; Columbia 3 - Idaho Falls 8 |
BOTTOM OF THE 8TH |
Idaho Falls Chukars batting - Pitching for Columbia River Rats : RHP Hyosuke Matsui
|
Batting: LHB Huibrecht Bloemheuvel
|
0-0: Ball 1-0: Ball 2-0: Swinging Strike 2-1: Fly out, F5 (Popup, 5SF, EV 78.8 MPH)
|
Batting: RHB César Vélez
|
0-0: Foul Ball, location: 2F 0-1: Foul Ball, location: 2F 0-2: Ball 1-2: Foul Ball, location: 2F 1-2: Strikes out swinging
|
Batting: LHB Antoine Studdard
|
0-0: Ball 1-0: TRIPLE (Flyball, 78XD, EV 111.2 MPH)
|
Batting: SHB Koryusai Ohayashi
|
0-0: Ball 1-0: Called Strike 1-1: Swinging Strike 1-2: Ball 2-2: Strikes out swinging
|
Bottom of the 8th over - 0 runs, 1 hit, 0 errors, 1 left on base; Columbia 3 - Idaho Falls 8 |
TOP OF THE 9TH |
Columbia River Rats batting - Pitching for Idaho Falls Chukars : RHP Jing Hsi
|
Batting: RHB Francis Raffone
|
0-0: SINGLE (Groundball, 34D, EV 98.1 MPH)
|
Pitching: RHP Alexis Hines
|
|
Batting: LHB Ji-e Loh
|
0-0: Swinging Strike 0-1: Ball 1-1: Fly out, F9 (Flyball, 9, EV 81.9 MPH)
|
Batting: RHB Tony Castellanos
|
0-0: Ball 1-0: DOUBLE (Groundball, 5L, EV 102.5 MPH) Francis Raffone to third
|
Batting: RHB Cédric Causse
|
0-0: Called Strike 0-1: Ball 1-1: Swinging Strike 1-2: Fly out, F9 (Flyball, 9LMF, EV 111.2 MPH) Runner from 3rd tags up, SCORES, no throw by RF
|
Batting: RHB José García
|
0-0: Ball 1-0: Ball 2-0: Ball 3-0: Called Strike 3-1: Swinging Strike 3-2: Base on Balls
|
Pitching: RHP Gary Podell
|
|
Batting: RHB Luis Romero
|
0-0: Ball 1-0: Ball 2-0: 3-RUN HOME RUN (Flyball, 9D, EV 108.1 MPH), Distance : 383 ft
|
Pinch Hitting: RHB Don Parker
|
0-0: Ball 1-0: Ball 2-0: Ground out 6-3 (Groundball, 6S, EV 94.4 MPH)
|
Top of the 9th over - 4 runs, 3 hits, 0 errors, 0 left on base; Columbia 7 - Idaho Falls 8 |
|